[Event "Titled Tuesday Blitz April 11 Early 2023"]
[White "benny_aizenberg"]
[Black "Kohler, Aran"]
[BlackFideId "1002856"]
[WhiteElo "2624"]
[BlackElo "2293"]
[Result "1-0"]
[Round "01"]
[TimeControl "180+2"]
[Date "2023.04.11"]
[WhiteClock "0:00:53"]
[BlackClock "0:00:03"]

1. d4 d5 2. c4 c6 3. Nf3 Nf6 4. Qc2 e6 5. Bf4 Nbd7 6. e3 Bb4+ 7. Nbd2 Ne4 8. a3 Qa5 9. Rc1 Bxd2+ 10. Nxd2 Qxd2+ 11. Qxd2 Nxd2 12. Kxd2 dxc4 13. Bxc4 Ke7 14. e4 f6 15. Rhe1 Rd8 16. Kc3 e5 17. Be3 Nb6 18. dxe5 fxe5 19. Bg5+ Ke8 20. Bxd8 Kxd8 21. Rcd1+ Ke7 22. f3 Nxc4 23. Kxc4 Be6+ 24. Kc3 a5 25. b3 a4 26. b4 Bb3 27. Rd2 Rf8 28. Re3 g5 29. Red3 Be6 30. Rd1 h5 31. h3 Rg8 32. Rb1 Rc8 33. Kd2 h4 34. b5 c5 35. b6 Bc4 36. Rc3 Ba6 37. Ke3 c4 38. Rb4 Rc6 39. Kf2 Kd6 40. g3 Kc5 41. gxh4 gxh4 42. Ke3 Rxb6 43. Rxa4 Rb1 44. Ra5+ Kc6 45. Rxe5 Rh1 46. Rh5 Rxh3 47. Kd4 b5 48. Rh6+ Kb7 49. Kc5 Ka7 50. Rh7+ Bb7 51. Kxb5 Rh1 52. Rxc4 Rb1+ 53. Rb4 1-0


[Site "https://www.chess.com"]

[Event "Titled Tuesday Blitz April 11 Early 2023"]
[White "Makhmudov, Shukhrat"]
[Black "Williams, Simon K"]
[WhiteFideId "14200775"]
[BlackFideId "404454"]
[WhiteElo "2135"]
[BlackElo "2468"]
[Result "0-1"]
[Round "01"]
[TimeControl "180+2"]
[Date "2023.04.11"]
[WhiteClock "0:00:01"]
[BlackClock "0:00:18"]

1. e4 g6 2. d4 Bg7 3. Nc3 d6 4. Be3 a6 5. Qd2 b5 6. a3 Bb7 7. f3 Nd7 8. Nh3 c5 9. Nf2 cxd4 10. Bxd4 Ngf6 11. h4 e5 12. Be3 Nb6 13. Ng4 Nxg4 14. fxg4 Qd7 15. Bxb6 O-O 16. Be2 f5 17. gxf5 gxf5 18. Bf3 fxe4 19. Nxe4 d5 20. Nc5 Qc6 21. Nxb7 e4 22. Be2 Qxb6 23. Qxd5+ Kh8 24. O-O-O b4 25. a4 Qe3+ 26. Rd2 Rac8 27. Nd6 Rc7 28. Qxe4 Qc5 29. Bd3 Bh6 30. Nf5 Bxd2+ 31. Kxd2 Rcf7 32. g4 b3 33. c3 Qc8 0-1


[Site "https://www.chess.com"]

[Event "Titled Tuesday Blitz April 11 Early 2023"]
[White "KRUMMEL2008"]
[Black "Orujov2008"]
[WhiteElo "2620"]
[BlackElo "2291"]
[Result "0-1"]
[Round "01"]
[TimeControl "180+2"]
[Date "2023.04.11"]
[WhiteClock "0:00:03"]
[BlackClock "0:00:11"]

1. e4 e5 2. Nf3 Nf6 3. d4 Nxe4 4. Bd3 d5 5. Nxe5 Nd7 6. Nc3 Nxc3 7. bxc3 Bd6 8. O-O O-O 9. Nxd7 Bxd7 10. Qh5 f5 11. Rb1 b6 12. Bg5 Qe8 13. Qf3 Qf7 14. Bf4 Bxf4 15. Qxf4 c6 16. Rfe1 Rfe8 17. Qc7 Rxe1+ 18. Rxe1 Re8 19. Rxe8+ Qxe8 20. Qxa7 b5 21. Qc7 Qe1+ 22. Bf1 Be8 23. Qc8 h6 24. Qxf5 Qxc3 25. Qe6+ Bf7 26. Qc8+ Kh7 27. Bd3+ Bg6 28. Bxg6+ Kxg6 29. Qg4+ Kh7 30. Qf5+ Kg8 31. Qe6+ Kh7 32. g3 Qxc2 33. Kg2 Qxa2 34. Qxc6 Qc4 35. Qb6 b4 36. Qe6 Qc2 37. Qxd5 b3 38. Qe6 b2 39. d5 b1=Q 40. Kh3 Qf5+ 0-1


[Site "https://www.chess.com"]

[Event "Titled Tuesday Blitz April 11 Early 2023"]
[White "Jiganchine, Roman"]
[Black "Safin, Robert"]
[WhiteFideId "2603667"]
[BlackFideId "34189120"]
[WhiteElo "2290"]
[BlackElo "2245"]
[Result "0-1"]
[Round "01"]
[TimeControl "180+2"]
[Date "2023.04.11"]
[WhiteClock "0:00:10"]
[BlackClock "0:00:16"]

1. e4 c6 2. d4 d5 3. exd5 cxd5 4. Nf3 Nc6 5. c4 Nf6 6. Nc3 Bg4 7. cxd5 Nxd5 8. Qb3 Bxf3 9. gxf3 e6 10. Qxb7 Nxd4 11. Bb5+ Nxb5 12. Qc6+ Ke7 13. Qxb5 Qd7 14. Nxd5+ Qxd5 15. Bg5+ f6 16. Qxd5 exd5 17. Be3 Ke6 18. O-O-O Bb4 19. a3 Rac8+ 20. Kb1 Bc5 21. Rhe1 Bxe3 22. Rxe3+ Kd6 23. Rde1 Rhd8 24. Re6+ Kc7 25. Re7+ Rd7 26. Rc1+ Kd6 27. Rxd7+ Kxd7 28. Rxc8 Kxc8 29. Kc2 Kc7 30. b4 Kc6 31. a4 d4 32. Kd3 Kd5 33. f4 f5 34. f3 g6 35. h3 h6 36. h4 h5 37. a5 a6 38. b5 axb5 39. a6 Kc6 40. Kxd4 Kb6 41. a7 Kxa7 42. Kc5 Ka6 0-1


[Site "https://www.chess.com"]

[Event "Titled Tuesday Blitz April 11 Early 2023"]
[White "Leiva, Gianmarco"]
[Black "Fajdetic, Hrvoje"]
[WhiteFideId "3804399"]
[BlackFideId "14501945"]
[WhiteElo "2345"]
[BlackElo "2185"]
[Result "1-0"]
[Round "01"]
[TimeControl "180+2"]
[Date "2023.04.11"]
[WhiteClock "0:01:15"]
[BlackClock "0:00:20"]

1. e4 e6 2. d4 d5 3. Nd2 dxe4 4. Nxe4 Nd7 5. Nf3 Ngf6 6. Ng3 Bd6 7. Bc4 b6 8. O-O Bb7 9. Qe2 O-O 10. Rd1 a6 11. c3 Ra7 12. Ne5 Qa8 13. f3 b5 14. Bb3 Bd5 15. Be3 c5 16. Bxd5 Nxd5 17. Nxd7 Nxe3 18. Nxf8 Nxd1 19. Rxd1 Bxf8 20. dxc5 Bxc5+ 21. Kh1 Qc8 22. Qe5 Be7 23. Nh5 f6 24. Qd4 Kf7 25. Qxa7 1-0


[Site "https://www.chess.com"]

[Event "Titled Tuesday Blitz April 11 Early 2023"]
[White "Zampronha, Wladimir Camilo"]
[Black "Vlassov, Nikolai"]
[WhiteFideId "2103087"]
[BlackFideId "4103360"]
[WhiteElo "2176"]
[BlackElo "2324"]
[Result "0-1"]
[Round "01"]
[TimeControl "180+2"]
[Date "2023.04.11"]
[WhiteClock "0:00:01"]
[BlackClock "0:00:13"]

1. e4 Nc6 2. Nf3 d5 3. exd5 Qxd5 4. Nc3 Qa5 5. Bb5 Bd7 6. O-O a6 7. Ba4 Qh5 8. d3 Nf6 9. Re1 b5 10. Bb3 Bg4 11. h3 Bxf3 12. Qxf3 Qxf3 13. gxf3 Nd4 14. Kg2 e6 15. Be3 Bc5 16. Ne4 Ba7 17. c3 Nf5 18. Bxa7 Rxa7 19. Nxf6+ gxf6 20. Re4 h5 21. a4 Rg8+ 22. Kh2 c6 23. Rg1 Rxg1 24. Kxg1 Ke7 25. d4 Rb7 26. axb5 Rxb5 27. Bc4 Rxb2 28. Bxa6 Rc2 29. c4 Rd2 30. d5 cxd5 31. cxd5 Rxd5 32. Bc4 Rc5 33. Bf1 Rc1 34. Kg2 Ng7 35. Ra4 f5 36. Rc4 Ra1 37. Rb4 Kf6 38. Rb7 Ne8 39. Rb8 Nd6 40. Rb6 Nc8 41. Ra6 Rc1 42. Ra8 Ne7 43. Ra7 Nd5 44. Rd7 Nf4+ 45. Kg1 Nxh3+ 46. Kg2 Nf4+ 47. Kg1 h4 48. Rd8 h3 49. Rh8 e5 50. Kh2 Rxf1 51. Rh6+ Kg5 52. Rg6+ fxg6 0-1


[Site "https://www.chess.com"]

[Event "Titled Tuesday Blitz April 11 Early 2023"]
[White "MunichMouse"]
[Black "Petre, Nad-Titus"]
[BlackFideId "1204165"]
[WhiteElo "2288"]
[BlackElo "2354"]
[Result "1-0"]
[Round "01"]
[TimeControl "180+2"]
[Date "2023.04.11"]
[WhiteClock "0:00:46"]
[BlackClock "0:00:04"]

1. d4 Nf6 2. c4 c5 3. e3 g6 4. Nf3 Bg7 5. Nc3 O-O 6. b3 cxd4 7. Nxd4 Nc6 8. Nxc6 bxc6 9. Bb2 Ne4 10. Qc2 Qa5 11. Rc1 d6 12. Qxe4 Bf5 13. Qf3 d5 14. Be2 e5 15. O-O d4 16. exd4 exd4 17. Na4 c5 18. Bd3 Bd7 19. Ba3 Rfc8 20. Be4 Rab8 21. Bd5 Be8 22. Rfe1 Rc7 23. Bxc5 Bxa4 24. Bd6 Be8 25. Bxc7 Qxc7 26. Re4 Bc6 27. Bxc6 Qxc6 28. Rce1 Qc8 29. Re7 Qf8 30. Rd7 Rd8 31. Rxd8 Qxd8 32. Qd5 Qf6 33. Re8+ Bf8 34. Qd8 Qg7 35. h3 h5 36. Qb8 a5 37. Qd8 g5 38. c5 g4 39. hxg4 hxg4 40. c6 g3 41. fxg3 1-0


[Site "https://www.chess.com"]

[Event "Titled Tuesday Blitz April 11 Early 2023"]
[White "wqws"]
[Black "sebastianmarinp"]
[WhiteElo "2611"]
[BlackElo "2285"]
[Result "1-0"]
[Round "01"]
[TimeControl "180+2"]
[Date "2023.04.11"]
[WhiteClock "0:01:35"]
[BlackClock "0:00:15"]

1. e4 e5 2. Nf3 Nc6 3. Bb5 a6 4. Ba4 Nf6 5. O-O b5 6. Bb3 Bb7 7. c3 Nxe4 8. Re1 d5 9. d3 Nc5 10. Nxe5 Nxe5 11. Rxe5+ Be7 12. Bc2 O-O 13. d4 Ne4 14. Nd2 f5 15. f3 Nxd2 16. Bxd2 g6 17. f4 Bd6 18. Re1 Qf6 19. a4 c6 20. Qe2 Qf7 21. Qe6 Qxe6 22. Rxe6 Rfd8 23. Rae1 Kf7 24. g4 fxg4 25. f5 gxf5 26. Bg5 Bc8 27. Rh6 1-0


[Site "https://www.chess.com"]

[Event "Titled Tuesday Blitz April 11 Early 2023"]
[White "ATM622"]
[Black "Poliakova, Varvara"]
[BlackFideId "13518313"]
[WhiteElo "2280"]
[BlackElo "2075"]
[Result "0-1"]
[Round "01"]
[TimeControl "180+2"]
[Date "2023.04.11"]
[WhiteClock "0:00:36"]
[BlackClock "0:02:04"]

1. d4 f5 2. c4 d6 3. d5 e5 4. dxe6 Bxe6 5. b3 Nf6 6. Bb2 g6 7. g3 Bg7 8. Bg2 Nc6 9. Nf3 O-O 10. Ng5 Qd7 11. Nxe6 Qxe6 12. O-O Ne4 13. Bxg7 Kxg7 14. e3 Qf6 15. Na3 Ne5 16. Qc2 Rae8 17. Rad1 h5 18. Nb5 Rf7 19. b4 h4 20. Bxe4 fxe4 21. Nd4 Nf3+ 22. Kh1 Nxd4 23. Rxd4 Qf3+ 0-1


[Site "https://www.chess.com"]

[Event "Titled Tuesday Blitz April 11 Early 2023"]
[White "Kucuksari, Kaan"]
[Black "Zou, Brendan"]
[WhiteFideId "6380166"]
[BlackFideId "3221296"]
[WhiteElo "2364"]
[BlackElo "1852"]
[Result "1-0"]
[Round "01"]
[TimeControl "180+2"]
[Date "2023.04.11"]
[WhiteClock "0:00:29"]
[BlackClock "0:00:10"]

1. e4 c5 2. Nf3 e6 3. d4 cxd4 4. Nxd4 a6 5. Bd3 b5 6. O-O Bb7 7. a4 b4 8. Nd2 Qc7 9. Nc4 Nc6 10. Nxc6 Bxc6 11. a5 Bc5 12. Nb6 Bxb6 13. axb6 Qb7 14. Qg4 g6 15. Be3 Nf6 16. Qg5 Nxe4 17. Bxe4 Bxe4 18. Qf6 Rg8 19. f3 Bxc2 20. Ra5 d5 21. Rc5 Rc8 22. Bg5 Kf8 23. Qe7+ Qxe7 24. Rxc8+ Qe8 25. b7 Kg7 26. Rxe8 Rxe8 27. Bf4 e5 28. Bxe5+ f6 29. b8=Q Rxb8 30. Bxb8 b3 31. Ba7 Kf7 32. Bd4 Ke6 33. Ra1 Bd3 34. Rc1 Bc4 35. Re1+ Kf5 36. Kf2 g5 37. g4+ Kg6 38. Re6 1-0


[Site "https://www.chess.com"]

[Event "Titled Tuesday Blitz April 11 Early 2023"]
[White "Skaric, Djuro"]
[Black "Ambartsumova, Karina"]
[WhiteFideId "934569"]
[BlackFideId "4166299"]
[WhiteElo "2282"]
[BlackElo "2240"]
[Result "0-1"]
[Round "01"]
[TimeControl "180+2"]
[Date "2023.04.11"]
[WhiteClock "0:01:01"]
[BlackClock "0:00:55"]

1. g3 Nf6 2. Bg2 g6 3. d3 d5 4. Nf3 Bg7 5. O-O O-O 6. Nc3 c5 7. e4 Nc6 8. Nd2 d4 9. Ne2 e5 10. h3 Nh5 11. f4 exf4 12. gxf4 f5 13. e5 Be6 14. Nf3 Bd5 15. Kh2 Qe7 16. Bd2 Rad8 17. Ng3 Nxg3 18. Kxg3 b5 19. Kh2 c4 20. Qe2 Rfe8 21. Rae1 cxd3 22. cxd3 Bxa2 23. Qf2 Bd5 24. Rg1 Nb4 25. Bf1 Nc2 26. Rc1 Ne3 27. Bxe3 dxe3 28. Qxe3 Qb4 29. Rg2 Bh6 30. h4 Bxf4+ 0-1


[Site "https://www.chess.com"]

[Event "Titled Tuesday Blitz April 11 Early 2023"]
[White "Skliarov, Viktor"]
[Black "lluiss"]
[WhiteFideId "14106736"]
[WhiteElo "2317"]
[BlackElo "2267"]
[Result "1-0"]
[Round "01"]
[TimeControl "180+2"]
[Date "2023.04.11"]
[WhiteClock "0:00:05"]
[BlackClock "0:00:04"]

1. e4 c5 2. Nf3 d6 3. d4 cxd4 4. Qxd4 Nc6 5. Bb5 Bd7 6. Bxc6 Bxc6 7. Nc3 Nf6 8. Bg5 e6 9. O-O-O Be7 10. Rhe1 O-O 11. Kb1 h6 12. Bh4 Qa5 13. Qd2 Rfd8 14. Nd4 Rac8 15. f3 a6 16. Bf2 b5 17. g4 Nd7 18. h4 Ne5 19. b3 Ng6 20. h5 Ne5 21. Nd5 Qxd2 22. Nxe7+ Kf8 23. Rxd2 Kxe7 24. Bg3 Bb7 25. Kb2 Nc6 26. Ne2 Rd7 27. Red1 Rcd8 28. f4 f6 29. Bf2 Nb8 30. Bb6 Re8 31. Ng3 d5 32. Bc5+ Kf7 33. e5 Nc6 34. Re1 fxe5 35. fxe5 Kg8 36. Rf2 Rf7 37. Rxf7 Kxf7 38. Rf1+ Kg8 39. Bd6 Nd8 40. Ne2 Nf7 41. Nd4 Nxd6 42. exd6 e5 43. Nf5 d4 44. Re1 Rd8 45. Rxe5 Rxd6 46. Nxd6 Bf3 47. g5 Bxh5 48. gxh6 g6 49. Re7 g5 50. Rg7+ Kh8 51. Rxg5 Bf3 52. Nf7+ Kh7 53. Rg7# 1-0


[Site "https://www.chess.com"]

[Event "Titled Tuesday Blitz April 11 Early 2023"]
[White "Chabris, Christopher"]
[Black "Volkov, Maksim"]
[WhiteFideId "2005263"]
[BlackFideId "54123070"]
[WhiteElo "2266"]
[BlackElo "2312"]
[Result "1-0"]
[Round "01"]
[TimeControl "180+2"]
[Date "2023.04.11"]
[WhiteClock "0:00:20"]
[BlackClock "0:00:16"]

1. e4 c5 2. Nf3 d6 3. Bb5+ Nd7 4. d4 cxd4 5. Qxd4 a6 6. Bxd7+ Bxd7 7. c4 Nf6 8. Nc3 e6 9. O-O Be7 10. Bg5 Bc6 11. Qd3 h6 12. Bh4 O-O 13. Nd4 Bd7 14. Rad1 Qb6 15. b3 Qa5 16. f4 Rfc8 17. Rfe1 Nxe4 18. Rxe4 Bxh4 19. f5 Bf6 20. fxe6 fxe6 21. Rf1 Re8 22. Rxf6 gxf6 23. Rg4+ Kf8 24. Qh7 Qg5 25. Rxg5 hxg5 26. Ne4 Bc6 27. Nxf6 Red8 28. Qg8+ Ke7 29. Qg7# 1-0


[Site "https://www.chess.com"]

[Event "Titled Tuesday Blitz April 11 Early 2023"]
[White "Wadsworth, Matthew J"]
[Black "Albuquerque Junior,Wellington S."]
[WhiteFideId "415804"]
[BlackFideId "2151480"]
[WhiteElo "2330"]
[BlackElo "2109"]
[Result "1-0"]
[Round "01"]
[TimeControl "180+2"]
[Date "2023.04.11"]
[WhiteClock "0:00:29"]
[BlackClock "0:00:03"]

1. Nf3 c5 2. c4 Nf6 3. Nc3 g6 4. g3 Bg7 5. Bg2 O-O 6. O-O d6 7. d4 cxd4 8. Nxd4 Nc6 9. Nxc6 bxc6 10. Bxc6 Rb8 11. Bg2 Qa5 12. Qd2 Bb7 13. Nd5 Qxd2 14. Nxe7+ Kh8 15. Bxd2 Bxg2 16. Kxg2 Rxb2 17. Be3 Rxe2 18. Rfe1 Rxe1 19. Rxe1 Ng4 20. Nd5 Nxe3+ 21. Rxe3 Rc8 22. Re7 Kg8 23. Rxa7 Rxc4 24. Ra8+ Bf8 25. a4 Kg7 26. a5 Rd4 27. Nb6 d5 28. a6 Bc5 29. a7 Bxb6 30. Rg8+ Kxg8 31. a8=Q+ Kg7 32. Qc6 Rb4 33. Qxd5 Bd4 34. h4 h5 35. Qd6 1-0


[Site "https://www.chess.com"]

[Event "Titled Tuesday Blitz April 11 Early 2023"]
[White "Coelho, Ramyres Santana"]
[Black "Horobetz, Graham"]
[WhiteFideId "2120690"]
[BlackFideId "2047322"]
[WhiteElo "1888"]
[BlackElo "2605"]
[Result "0-1"]
[Round "01"]
[TimeControl "180+2"]
[Date "2023.04.11"]
[WhiteClock "0:00:07"]
[BlackClock "0:01:52"]

1. e4 c5 2. Nf3 d6 3. d4 cxd4 4. Nxd4 Nf6 5. Nc3 a6 6. f3 e5 7. Nb3 Be7 8. Be3 Be6 9. Qd2 h5 10. O-O-O Nbd7 11. h3 Rc8 12. Kb1 h4 13. f4 Qc7 14. f5 Bc4 15. Bxc4 Qxc4 16. Qd3 Qxd3 17. cxd3 Nc5 18. Nxc5 dxc5 19. Bg5 Nh5 20. Bxe7 Kxe7 21. Nd5+ Kd6 22. Nb6 Rce8 23. Nc4+ Kc6 24. Ne3 Nf4 25. Rhf1 Rd8 26. Rxf4 exf4 27. Nd5 Rxd5 28. exd5+ Kxd5 29. Re1 Rh5 30. Re7 Rxf5 31. Rxb7 Kd4 32. Kc2 Ke3 33. Rb6 Kf2 34. Rxa6 Kxg2 35. Ra4 Kxh3 36. Kd2 Kg2 37. Ke2 h3 38. Rc4 h2 39. Rxc5 Rxc5 0-1


[Site "https://www.chess.com"]

[Event "Titled Tuesday Blitz April 11 Early 2023"]
[White "Gabdrakhmanov, Azat"]
[Black "Levitan, Caleb Levi"]
[WhiteFideId "34189197"]
[BlackFideId "14332620"]
[WhiteElo "2306"]
[BlackElo "1963"]
[Result "1-0"]
[Round "01"]
[TimeControl "180+2"]
[Date "2023.04.11"]
[WhiteClock "0:00:17"]
[BlackClock "0:00:01"]

1. e4 e5 2. Nf3 Nc6 3. Bb5 a6 4. Ba4 Nf6 5. O-O Bc5 6. c3 b5 7. Bb3 d6 8. d4 Bb6 9. Bg5 h6 10. Bh4 Bb7 11. Re1 O-O 12. a4 Qe7 13. Na3 b4 14. Nc4 bxc3 15. bxc3 Ba7 16. Rb1 Rab8 17. d5 Nd8 18. Na5 Bc8 19. Qd3 Nb7 20. Nc6 Qd7 21. Nxa7 Nc5 22. Qc2 g5 23. Bg3 Nfxe4 24. Nc6 Rb6 25. a5 Rxb3 26. Rxb3 Nxb3 27. Qxb3 f5 28. Qc2 Nf6 29. h3 Nxd5 30. Nb4 Nxb4 31. cxb4 Bb7 32. Rc1 f4 33. Bh2 Rf7 34. Nd2 f3 35. gxf3 Qxh3 36. Qg6+ Rg7 37. Qe8+ Kh7 38. Qd8 g4 39. Rxc7 gxf3+ 40. Rxg7+ Kxg7 41. Qe7+ Kg6 42. Qxd6+ Kf7 43. Qc7+ Ke8 44. Qxe5+ Kd8 45. Qg3 Qd7 46. Nf1 Qd1 47. Qb8+ Bc8 48. Qb6+ Ke8 49. Qxh6 Qd5 50. Qh8+ Kd7 51. Qh3+ Kd8 52. Qg3 Qe6 53. Qc7+ Ke8 54. Qg3 Kd8 55. Qxf3 Qg6+ 56. Qg3 Qe6 57. Qc7+ Ke8 58. Qe5 Qxe5 59. Bxe5 Kd7 60. Ne3 Ke6 61. Bc3 Bb7 62. f4 Ke7 63. f5 Kf7 64. f6 Bc8 65. Kf2 Bd7 66. Kg3 Bb5 67. Kf4 Ke6 68. Kg5 Bd3 69. Ng4 Kf7 70. Ne5+ Ke6 71. f7 Ke7 72. Bd4 Bc4 73. Bc5+ Ke6 74. f8=Q Bd5 75. Qd6# 1-0


[Site "https://www.chess.com"]

[Event "Titled Tuesday Blitz April 11 Early 2023"]
[White "La Villa Rivas, Marlon Javier"]
[Black "Ehlvest, Jaan"]
[WhiteFideId "3519546"]
[BlackFideId "4500016"]
[WhiteElo "2135"]
[BlackElo "2442"]
[Result "1-0"]
[Round "01"]
[TimeControl "180+2"]
[Date "2023.04.11"]
[WhiteClock "0:00:56"]
[BlackClock "0:01:02"]

1. e4 c5 2. Nf3 Nc6 3. d4 cxd4 4. Nxd4 Nf6 5. Nc3 e5 6. Ndb5 d6 7. Bg5 a6 8. Na3 b5 9. Nd5 Be7 10. Bxf6 Bxf6 11. c4 Nd4 12. cxb5 Bb7 13. Bc4 Qa5+ 14. Qd2 Qxd2+ 15. Kxd2 Bg5+ 16. f4 exf4 17. Nc7+ Kd7 18. Nxa8 Bxa8 19. Kd3 Ne6 20. b4 Bf6 21. Rab1 axb5 22. Nxb5 Bc6 23. Na7 Bb7 24. Rhd1 Ra8 25. Nb5 Ng5 26. Bd5 Bxd5 27. exd5 Rxa2 28. Rbc1 Rxg2 29. Rc7+ Kd8 30. Rdc1 1-0


[Site "https://www.chess.com"]

[Event "Titled Tuesday Blitz April 11 Early 2023"]
[White "Gold_Ocean"]
[Black "babbilator"]
[WhiteElo "2603"]
[BlackElo "2259"]
[Result "1-0"]
[Round "01"]
[TimeControl "180+2"]
[Date "2023.04.11"]
[WhiteClock "0:00:04"]
[BlackClock "0:00:12"]

1. d4 Nf6 2. Nf3 e6 3. Bf4 c5 4. e3 b6 5. Nc3 d5 6. Nb5 Na6 7. Ne5 Bb7 8. g4 Be7 9. g5 Nd7 10. Qh5 O-O 11. Bd3 g6 12. Qh6 Nb4 13. Be2 a6 14. Na3 Nxe5 15. Bxe5 f6 16. gxf6 Bxf6 17. Bf4 cxd4 18. O-O-O e5 19. Bg3 Bg7 20. Qh3 dxe3 21. fxe3 Bc8 22. Qg2 d4 23. Qxa8 dxe3 24. Rxd8 1-0


[Site "https://www.chess.com"]

[Event "Titled Tuesday Blitz April 11 Early 2023"]
[White "Palacio,Igor Da Paz"]
[Black "Al-Tarboush, Ward"]
[WhiteFideId "2121140"]
[BlackFideId "7601450"]
[WhiteElo "2126"]
[BlackElo "2265"]
[Result "0-1"]
[Round "01"]
[TimeControl "180+2"]
[Date "2023.04.11"]
[WhiteClock "0:00:01"]
[BlackClock "0:00:53"]

1. e4 c5 2. Nc3 Nc6 3. g3 e5 4. Bg2 Nf6 5. d3 d6 6. f4 Be6 7. Nf3 exf4 8. Bxf4 d5 9. exd5 Nxd5 10. Nxd5 Bxd5 11. O-O Be7 12. Re1 O-O 13. c3 Bf6 14. Qe2 Qd7 15. a3 Rae8 16. Qc2 Rxe1+ 17. Rxe1 Re8 18. Rxe8+ Qxe8 19. Kf2 h6 20. Qe2 Qd7 21. Qe3 b6 22. h4 a5 23. Nd2 Bxg2 24. Kxg2 Ne7 25. Ne4 Qc6 26. Kf2 a4 27. Nxf6+ Qxf6 28. Qe5 Qxe5 29. Bxe5 b5 30. Bd6 Nc6 31. Bxc5 f5 32. d4 Kf7 33. Ke3 g5 34. hxg5 hxg5 35. d5 Ne5 36. Kd2 Nc4+ 37. Kc2 f4 38. gxf4 gxf4 39. b3 Na5 40. bxa4 bxa4 41. Kd3 Nb3 42. Bf2 Ke7 43. Ke4 Kd6 44. c4 Nd2+ 45. Kd3 Nb1 46. Kd4 Nxa3 47. c5+ Kc7 48. Ke5 f3 49. Ke4 Nc2 50. Kd3 Nb4+ 51. Kc4 a3 52. Kb3 a2 53. Kb2 Nd3+ 54. Kxa2 Nxf2 55. Kb3 Nd3 56. Kc2 f2 0-1


[Site "https://www.chess.com"]

[Event "Titled Tuesday Blitz April 11 Early 2023"]
[White "Ribeiro, Matheus Mendes Domingues"]
[Black "morozcoma"]
[WhiteFideId "324226923"]
[WhiteElo "2168"]
[BlackElo "2253"]
[Result "0-1"]
[Round "01"]
[TimeControl "180+2"]
[Date "2023.04.11"]
[WhiteClock "0:00:14"]
[BlackClock "0:01:14"]

1. c4 Nf6 2. Nc3 e6 3. e4 d5 4. e5 d4 5. exf6 dxc3 6. bxc3 Qxf6 7. Nf3 Nc6 8. d4 e5 9. Bg5 Qg6 10. Bd3 e4 11. Bxe4 Qxe4+ 12. Kd2 Be7 13. Re1 Qg6 14. Bxe7 Nxe7 15. Qa4+ Bd7 16. Qb4 Qd6 17. Ne5 Qxb4 18. cxb4 f6 19. Nf3 Kf7 20. Kc3 a5 21. b5 a4 22. Kb4 c6 23. b6 Ra6 24. Kc5 Be6 25. Re2 Ra5+ 26. Kb4 Ra6 27. Rae1 c5+ 28. dxc5 Nc6+ 29. Kc3 Bg4 30. Rd2 Bxf3 31. Rd7+ Kg6 32. gxf3 Ne5 33. Rxb7 Rc8 34. Rg1+ Kf5 35. Kb4 g5 36. Kb5 Raa8 37. Rd1 Nc6 38. Rd6 Ra5# 0-1


[Site "https://www.chess.com"]

[Event "Titled Tuesday Blitz April 11 Early 2023"]
[White "Warchol, Kamil"]
[Black "Chylewski, Patryk"]
[WhiteFideId "21858241"]
[BlackFideId "1186191"]
[WhiteElo "2017"]
[BlackElo "2163"]
[Result "0-1"]
[Round "01"]
[TimeControl "180+2"]
[Date "2023.04.11"]
[WhiteClock "0:00:07"]
[BlackClock "0:00:06"]

1. e4 c5 2. Nf3 e6 3. d4 cxd4 4. Nxd4 Nc6 5. Nc3 Qc7 6. g3 a6 7. Bg2 Nf6 8. O-O d6 9. Re1 Be7 10. Nxc6 bxc6 11. e5 dxe5 12. Rxe5 Qxe5 13. Bxc6+ Bd7 14. Bxa8 O-O 15. Bg2 Rc8 16. Bf4 Qa5 17. a3 Bc6 18. Bxc6 Rxc6 19. Qd4 Bc5 20. Qe5 Bxf2+ 21. Kg2 Qxe5 22. Bxe5 Bb6 23. Rd1 Kf8 24. Bd4 Bc7 25. Kf3 Ne8 26. Rd2 Nd6 27. b3 Nf5 28. Ne2 Ke8 29. a4 Ba5 30. c3 Nxd4+ 31. Rxd4 Bxc3 32. Rc4 Rxc4 33. bxc4 Ba5 34. Ke4 Kd7 35. Nc1 Kd6 36. Nd3 Bb6 37. Ne5 f5+ 38. Kf4 g5+ 0-1


[Site "https://www.chess.com"]

[Event "Titled Tuesday Blitz April 11 Early 2023"]
[White "Ozates, Tuna"]
[Black "Lauridsen, Jesper Morch"]
[WhiteFideId "6354521"]
[BlackFideId "1401890"]
[WhiteElo "2151"]
[BlackElo "2249"]
[Result "1-0"]
[Round "01"]
[TimeControl "180+2"]
[Date "2023.04.11"]
[WhiteClock "0:01:12"]
[BlackClock "0:00:02"]

1. e4 e6 2. d4 d5 3. exd5 exd5 4. Bd3 c5 5. dxc5 Bxc5 6. Nf3 Nc6 7. h3 Nge7 8. O-O O-O 9. a3 Qd6 10. Nc3 Ng6 11. Bxg6 Qxg6 12. Nxd5 Rd8 13. Bg5 f6 14. Bh4 Bxh3 15. Nf4 Qg4 16. Nxh3 Rxd1 17. Raxd1 g5 18. b4 Bb6 19. b5 Ne7 20. Rfe1 Re8 21. Nhxg5 fxg5 22. Bxg5 Kf8 23. Rd6 Nf5 24. Rf6+ Kg7 25. Rxe8 1-0


[Site "https://www.chess.com"]

[Event "Titled Tuesday Blitz April 11 Early 2023"]
[White "Lakshmi C"]
[Black "Postnikov, Daniil"]
[WhiteFideId "25035347"]
[BlackFideId "4166329"]
[WhiteElo "1942"]
[BlackElo "2261"]
[Result "0-1"]
[Round "01"]
[TimeControl "180+2"]
[Date "2023.04.11"]
[WhiteClock "0:01:42"]
[BlackClock "0:02:19"]

1. e4 e6 2. d4 d5 3. Nc3 Nf6 4. e5 Nfd7 5. f4 c5 6. Nf3 Nc6 7. Be3 a6 8. Qd2 b5 9. dxc5 Bxc5 10. O-O-O Bb7 11. Qf2 Qb6 12. Bxc5 Nxc5 13. Qe1 b4 14. Ne2 Rc8 15. Kb1 a5 16. Ned4 Nxd4 17. Nxd4 O-O 18. Nb5 Na4 19. b3 Nc3+ 20. Nxc3 bxc3 21. a3 d4 22. Bd3 Bd5 23. Ka2 a4 24. Rb1 axb3+ 25. cxb3 c2 0-1


[Site "https://www.chess.com"]

[Event "Titled Tuesday Blitz April 11 Early 2023"]
[White "Jain Kashish Manoj"]
[Black "Nugumanov, Bakhtiyar"]
[WhiteFideId "35081098"]
[BlackFideId "13701797"]
[WhiteElo "2191"]
[BlackElo "2209"]
[Result "1-0"]
[Round "01"]
[TimeControl "180+2"]
[Date "2023.04.11"]
[WhiteClock "0:00:17"]
[BlackClock "0:00:01"]

1. Nf3 e6 2. g3 b6 3. Bg2 Bb7 4. O-O Nf6 5. c4 c5 6. Nc3 Be7 7. b3 O-O 8. Bb2 d5 9. cxd5 exd5 10. d4 Nc6 11. Rc1 Rc8 12. e3 Re8 13. Re1 Ne4 14. dxc5 Nxc3 15. Bxc3 bxc5 16. Qd2 Rc7 17. Red1 Rd7 18. Qb2 Bf8 19. Rd2 Qe7 20. Rcd1 Rc8 21. Rxd5 Rxd5 22. Rxd5 Nd4 23. Re5 Nxf3+ 24. Bxf3 Qc7 25. Bxb7 Qxb7 26. Qd2 c4 27. b4 f6 28. Rd5 Rb8 29. Rd7 Qc6 30. h4 a6 31. h5 1-0


[Site "https://www.chess.com"]

[Event "Titled Tuesday Blitz April 11 Early 2023"]
[White "ilya2700"]
[Black "TimGrutter03"]
[WhiteElo "2243"]
[BlackElo "2595"]
[Result "1-0"]
[Round "01"]
[TimeControl "180+2"]
[Date "2023.04.11"]
[WhiteClock "0:00:11"]
[BlackClock "0:00:02"]

1. d4 g6 2. c4 Bg7 3. e4 d6 4. f4 c5 5. d5 e6 6. Nc3 exd5 7. cxd5 Ne7 8. Nf3 O-O 9. Bd3 Nd7 10. O-O a6 11. a4 Rb8 12. Re1 Qc7 13. Qb3 Re8 14. Be3 Kh8 15. Ng5 Rf8 16. Rac1 h6 17. Nf3 b6 18. h4 f5 19. h5 fxe4 20. Nxe4 Nf6 21. Nxf6 Rxf6 22. Bd4 Rxf4 23. Bxg7+ Kxg7 24. Qc3+ Kg8 25. hxg6 Bf5 26. Qd2 Rg4 27. Rxe7 Qxe7 28. Bxf5 Rxa4 29. Qxh6 Qg7 30. Be6+ Kf8 31. Qf4+ Ke7 32. Qxa4 Qxb2 33. Qd7+ Kf6 34. Qf7# 1-0


[Site "https://www.chess.com"]